 Dungeon Crawl Stone Soup version 0.28.0 (webtiles) character file.

Game seed: 8028470916349618489

435 GrayStillPlays the Skirmisher (level 7, -3/61 HPs)
             Began as a Hill Orc Fighter on Feb 9, 2022.
             Slain by a black bear (8 damage)
             ... on level 5 of the Dungeon.
             The game lasted 00:08:31 (4681 turns).

GrayStillPlays the Skirmisher (Hill Orc Fighter)    Turns: 4681, Time: 00:08:32

Health: -3/61      AC: 12    Str: 21    XL:     7   Next: 0%
Magic:  7/7        EV:  7    Int:  8    God:
Gold:   146        SH:  5    Dex: 10    Spells: 4/6 levels left

rFire   . . .      SeeInvis .   a - +0 war axe {axe}
rCold   . . .      Faith    .   c - +0 buckler
rNeg    . . .      Spirit   .   p - +0 chain mail
rPois   .          Reflect  .   s - +0 helmet
rElec   .          Harm     .   (no cloak)
rCorr   +          Rampage  .   (no gloves)
Will    .....                   q - +0 pair of boots
Stlth   ..........              (no amulet)
HPRegen 0.20/turn               l - ring of resist corrosion
MPRegen 0.10/turn               D - ring of wizardry

@: no status effects
A: no striking features
a: no special abilities


You were on level 5 of the Dungeon.
You visited 1 branch of the dungeon, and saw 5 of its levels.

You collected 146 gold pieces.


   Skills:
 + Level 5.5 Fighting
 + Level 5.2 Axes
 + Level 5.0 Armour
 + Level 5.0 Shields


You had 4 spell levels left.
You knew the following spells:

 Your Spells              Type           Power      Damage    Failure   Level
a - Apportation           Tloc           0%         N/A       86%         1
b - Animate Skeleton      Necr           0%         N/A       86%         1

Your spell library contained the following spells:

 Spells                   Type           Power      Damage    Failure   Level
 Beastly Appendage        Tmut           0%         N/A       86%         1
 Summon Small Mammal      Summ           0%         N/A       86%         1
 Wereblood                Tmut           0%         N/A       94%         2
 Spider Form              Tmut/Pois      0%         N/A       99%         3

Inventory:

Hand Weapons
 a - a +0 war axe (weapon) {axe}
 r - a +2 dagger of speed {short}
   (You took it off a goblin on level 3 of the Dungeon)
Missiles
 i - 63 stones {throwing}
 m - 14 poisoned darts {throwing}
 z - 43 bolts
 A - 20 arrows
Armour
 c - a +0 buckler (worn)
 p - a +0 chain mail (worn)
   (You found it on level 2 of the Dungeon)
 q - a +0 pair of boots (worn)
   (You found it on level 3 of the Dungeon)
 s - a +0 helmet (worn)
   (You took it off Robin on level 3 of the Dungeon)
Jewellery
 l - a ring of resist corrosion (left hand)
   (You found it on level 2 of the Dungeon)
 D - a ring of wizardry (right hand)
   (You found it on level 4 of the Dungeon)
Wands
 b - a wand of iceblast (11) (quivered)
   (You found it on level 3 of the Dungeon)
Scrolls
 f - a scroll of amnesia {unknown}
 g - a scroll of teleportation {@r4}
 j - a scroll of silence {!r}
 k - a scroll of enchant armour {unknown}
 o - a scroll of blinking {unknown}
 t - a scroll of fear {unknown}
 w - a scroll of identify {unknown}
 y - a scroll of noise {unknown}
 B - a scroll of magic mapping {unknown}
Potions
 d - 2 potions of might
 e - a potion of flight {unknown}
 h - 2 potions of curing {unknown}
 n - a potion of berserk rage {unknown}
 u - a potion of degeneration {unknown}
 v - a potion of heal wounds {unknown}
 x - a potion of brilliance {unknown}
 C - a potion of cancellation {unknown}

Dungeon Overview and Level Annotations

Branches:
Dungeon (5/15)
 Temple: D:4-7

Altars:
The Shining One

#........#
#......^.#
#.......#
#.......#
#.......#
##......##
#.......#
#....hZ##
#.....@#
#......#
#......#
.......†##
........#
........#
.........
.........
.........


You could see a black bear (berserk) and a centaur warrior zombie.


Message History

😕 HP[-7]
You take 7 damage, and now have 54/61 hp.
You slash the centaur warrior zombie!
You block the centaur warrior zombie's attack.
The centaur warrior zombie barely misses you.
You slash the centaur warrior zombie!
The centaur warrior zombie hits you but does no damage.
The centaur warrior zombie kicks you but does no damage.
The centaur warrior zombie barely misses you.
The centaur warrior zombie kicks you but does no damage.
You hit the centaur warrior zombie but do no damage.
The centaur warrior zombie hits you but does no damage.
The centaur warrior zombie kicks you but does no damage.
The centaur warrior zombie hits you but does no damage.
The centaur warrior zombie kicks you but does no damage.
You slash the centaur warrior zombie!
The centaur warrior zombie hits you but does no damage.
The centaur warrior zombie kicks you but does no damage. 😕 HP[+1]
There is a stone staircase leading up here. 😕 HP[+1]
You hit the centaur warrior zombie.
You hit the black bear but do no damage.
The centaur warrior zombie closely misses you.
The centaur warrior zombie kicks you but does no damage.
The black bear closely misses you.
The black bear claws you but does no damage.
The black bear barely misses you.
The centaur warrior zombie closely misses you.
The centaur warrior zombie kicks you. 😕 HP[-1]
You take 1 damage, and now have 55/61 hp.
You barely miss the centaur warrior zombie.
You barely miss the black bear.
The centaur warrior zombie hits you but does no damage.
The centaur warrior zombie kicks you but does no damage.
The black bear barely misses you.
The black bear claws you but does no damage. x2
The centaur warrior zombie hits you!
The centaur warrior zombie barely misses you. 😕 HP[-9]
You take 9 damage, and now have 46/61 hp.
You barely miss the centaur warrior zombie.
You slash the black bear! The black bear barely misses you. x2
The black bear claws you but does no damage.
The centaur warrior zombie hits you.
The centaur warrior zombie kicks you but does no damage.
The black bear bites you. The black bear barely misses you.
The black bear claws you but does no damage. 😮 HP[-7]
You take 7 damage, and now have 39/61 hp.
You hit the centaur warrior zombie. You hit the black bear.
The centaur warrior zombie hits you but does no damage.
The centaur warrior zombie kicks you but does no damage.
You block the black bear's attack.
The black bear claws you but does no damage. x2
The centaur warrior zombie barely misses you.
The centaur warrior zombie kicks you. 😮 HP[-1]
You take 1 damage, and now have 38/61 hp.
You hit the centaur warrior zombie but do no damage.
You slash the black bear! The centaur warrior zombie hits you!
* * * LOW HITPOINT WARNING * * *
The centaur warrior zombie kicks you but does no damage.
The black bear bites you but does no damage.
The black bear claws you but does no damage.
You block the black bear's attack. The centaur warrior zombie hits you!
* * * LOW HITPOINT WARNING * * *
The centaur warrior zombie closely misses you. 😨 HP[-18]
You take 18 damage, and now have 20/61 hp.
MASSIVE DAMAGE!! (PAUSE)
You slash the centaur warrior zombie! You barely miss the black bear.
The black bear bites you but does no damage.
The black bear barely misses you. You block the black bear's attack.
The centaur warrior zombie hits you but does no damage.
The centaur warrior zombie kicks you.
* * * LOW HITPOINT WARNING * * *
The black bear goes berserk! 😨 HP[-3]
You take 3 damage, and now have 17/61 hp.
You hit the centaur warrior zombie but do no damage.
You hit the black bear. The centaur warrior zombie hits you.
* * * LOW HITPOINT WARNING * * *
The centaur warrior zombie kicks you but does no damage.
The black bear barely misses you.
The black bear claws you but does no damage. x2
The centaur warrior zombie hits you but does no damage.
The centaur warrior zombie barely misses you.
You hit the centaur warrior zombie. You hit the black bear.
The black bear bites you.
* * * LOW HITPOINT WARNING * * *
The black bear claws you.
* * * LOW HITPOINT WARNING * * *
The black bear claws you.
* * * LOW HITPOINT WARNING * * *
The centaur warrior zombie hits you but does no damage.
The centaur warrior zombie kicks you but does no damage.
The black bear bites you!
You die...

Skill      XL: |  1  2  3  4  5  6 |
---------------+-------------------+-----
Axes           | 3 4 5 |  5.2
Fighting       | 4 5 |  5.5
Armour         | 4 5 |  5.0
Shields        | 4 5 |  5.0

Action                   |  1- 3 |  4- 6 |  7- 9 || total
-------------------------+-------+-------+-------++-------
Melee: War axe           |   139 |   179 |    12 ||   330
Evoke: Wand              |       |     1 |       ||     1
  Use: Scroll            |       |     2 |       ||     2
Armor: Scale mail        |    68 |     6 |       ||    74
       Chain mail        |       |    86 |    34 ||   120
Dodge: Dodged            |    81 |    80 |    17 ||   178
Block: Buckler           |    32 |    49 |     4 ||    85

Levels and vault maps discovered:
D:1:      wheals_arrival_linesprint, layout_basic,
          chequers_ecumenical_altar_simple_redux, item_on_display_a
D:2:      layout_rooms
D:3:      layout_loops_ring, uniq_robin
D:4:      layout_rooms, tso_oasis_becter
D:5:      layout_cave_pods, nicolae_uskayaw_en_pointe,
          grunt_dithmenos_smoke_and_mirrors, lemuel_old_faithful

Notes
Turn   | Place    | Note
-------+----------+-------------------------------------------
     0 | D:1      | GrayStillPlays the Hill Orc Fighter began the quest for the
                  | Orb.
     0 | D:1      | Reached XP level 1. HP: 19/19 MP: 1/1
     0 | D:1      | magus.rc [v1.9.6]
   307 | D:1      | Reached XP level 2. HP: 27/27 MP: 2/2
   332 | D:1      | Reached skill level 3 in Axes
   477 | D:1      | Found a faded altar of an unknown god.
   532 | D:1      | You pick up a book of Cantrips and begin reading...
   532 | D:1      | You add the spells Animate Skeleton, Summon Small Mammal
                  | and Apportation to your library.
   576 | D:1      | Reached skill level 4 in Fighting
   925 | D:1      | Reached XP level 3. HP: 32/33 MP: 3/3
  1766 | D:2      | Reached XP level 4. HP: 38/41 MP: 4/4
  2217 | D:3      | Reached skill level 4 in Armour
  2217 | D:3      | Reached skill level 4 in Shields
  2219 | D:3      | HP: 10/41 [orc (3)]
  2223 | D:3      | Reached skill level 4 in Axes
  2224 | D:3      | HP: 8/41 [orc (3)]
  2539 | D:3      | Noticed Robin
  2545 | D:3      | Reached XP level 5. HP: 47/47 MP: 5/5
  2554 | D:3      | Killed Robin
  3054 | D:3      | You pick up a book of Changes and begin reading...
  3054 | D:3      | You add the spells Beastly Appendage, Wereblood and Spider
                  | Form to your library.
  3086 | D:3      | Learned a level 1 spell: Apportation
  3088 | D:3      | Learned a level 1 spell: Animate Skeleton
  3206 | D:4      | Reached skill level 5 in Fighting
  3383 | D:4      | Reached XP level 6. HP: 48/56 MP: 6/6
  3867 | D:4      | HP: 9/56 [ogre (29)]
  3872 | D:4      | Reached skill level 5 in Axes
  4422 | D:4      | Found a glowing golden altar of the Shining One.
  4597 | D:5      | Entered Level 5 of the Dungeon
  4614 | D:5      | Reached skill level 5 in Armour
  4614 | D:5      | Reached skill level 5 in Shields
  4619 | D:5      | Reached XP level 7. HP: 53/61 MP: 7/7
  4681 | D:5      | HP: 15/61 [black bear (2)]
  4681 | D:5      | HP: 5/61 [black bear (4)]
  4681 | D:5      | Slain by a black bear

Vanquished Creatures
  An ogre (D:4)
  2 hounds
  3 orc priests
  An orc wizard (D:4)
  A hound zombie (D:5)
  Robin (D:3)
  5 adders
  An adder skeleton (D:4)
  A worm (D:3)
  9 orcs
  7 ball pythons
  4 bats
  8 endoplasms
  2 giant cockroaches
  12 goblins
  5 hobgoblins
  9 jackals
  4 quokkas
  A frilled lizard (D:2)
  9 kobolds
  8 rats
94 creatures vanquished.

Table legend:
 A = Non-vault XP
 B = Vault XP
 C = Vault XP percentage of total XP
 D = Non-vault monster count
 E = Vault monster count
 F = Vault count percentage of total count
                 A         B        C        D         E       F
            +---------+---------+-------+---------+---------+-------
      Total |     589 |      33 |   5.3 |      83 |      11 |  11.7
            +---------+---------+-------+---------+---------+-------
        D:1 |      43 |       0 |   0.0 |      26 |       0 |   0.0
        D:2 |      64 |       0 |   0.0 |      22 |       0 |   0.0
        D:3 |      96 |      33 |  25.6 |      17 |      11 |  39.3
        D:4 |     321 |       0 |   0.0 |      16 |       0 |   0.0
        D:5 |      65 |       0 |   0.0 |       2 |       0 |   0.0
            +---------+---------+-------+---------+---------+-------

Illustrated notes

Table legend:
 A = Kills in this place as a percentage of kills in entire the game.
 B = Kills by you in this place as a percentage of kills by you in the entire game.
 C = Kills by friends in this place as a percentage of kills by friends in the entire game.
 D = Other kills in this place as a percentage of other kills in the entire game.
 E = Experience gained in this place as a percentage of experience gained in the entire game.
 F = Experience gained in this place divided by the number of levels of this place that you have seen.
                   A       B       C       D       E      F
               +-------+-------+-------+-------+-------+----------------------
         Total | 100.0 | 100.0 |   N/A |   N/A | 100.0 | 124.4
       Dungeon | 100.0 | 100.0 |   N/A |   N/A | 100.0 | 124.4
               +-------+-------+-------+-------+-------+----------------------

Table legend: (Time is in decaauts)
 A = Elapsed time spent in this place.
 B = Non-inter-level travel time spent in this place.
 C = Inter-level travel time spent in this place.
 D = Time resting spent in this place.
 E = Time spent auto-exploring this place.
 F = Levels seen in this place.
 G = Mean time per level.
                   A        B        C        D        E       F      G
               +--------+--------+--------+--------+--------+-----+--------+
         Total |   4793 |   4687 |    106 |    710 |   3144 |   5 |  958.6 |
       Dungeon |   4793 |   4687 |    106 |    710 |   3144 |   5 |  958.6 |
               +--------+--------+--------+--------+--------+-----+--------+

Top non-repeatable levels by time:
     D:4: 1436 daAuts
     D:1: 1270 daAuts
     D:2: 1169 daAuts
     D:3: 825 daAuts
     D:5: 91 daAuts
